 Dungeon Crawl Stone Soup version 0.23-a0-550-g7de1f8e (webtiles) character file.

29446 tilp the Impaler (level 13, 0/111 HPs)
             Began as a Merfolk Ice Elementalist on Dec 9, 2018.
             Was a Believer of Makhleb.
             Slain by a dire elephant (4 damage)
             ... on level 3 of the Lair of Beasts.
             The game lasted 01:26:44 (22768 turns).

tilp the Impaler (Merfolk Ice Elementalist)        Turns: 22768, Time: 01:26:45

Health: 0/111      AC: 20    Str:  8    XL:     13   Next: 45%
Magic:  8/19       EV: 15    Int: 20    God:    Makhleb [**....]
Gold:   912        SH:  0    Dex: 14    Spells: 5/20 levels left

rFire    + + .     SeeInvis .   I - +0 halberd
rCold    + . .     Gourm    .   (shield currently unavailable)
rNeg     . . .     Faith    .   J - +1 leather armour {rF+}
rPois    .         Spirit   .   h - +2 helmet
rElec    +         Reflect  .   N - scarf {rC+ rF+}
rCorr    .         Harm     .   (no gloves)
MR       .....                  s - +2 pair of boots
Stlth    ++........             j - amulet of regeneration
HPRegen  1.68/turn              L - +3 ring of protection
MPRegen  0.16/turn              v - ring "Amisom" {+Fly rElec}

@: lethally poisoned (0 -> -1), icy armour, very slightly contaminated,
regenerating
A: change form in water, swift swim, stealthy swim
a: Minor Destruction, Renounce Religion, Evoke Flight


You were on level 3 of the Lair of Beasts.
You worshipped Makhleb.
Makhleb was pleased with you.
You were not hungry.

You visited 3 branches of the dungeon, and saw 16 of its levels.
You also visited: Sewer, Bailey and Ice Cave.

You collected 1493 gold pieces.
You spent 581 gold pieces at shops.

Inventory:

Hand Weapons
 w - the +5 scythe "Finisher" {speed, eviscerate}
   (You found it on level 8 of the Dungeon)

   Attacks with this weapon are significantly faster.
 H - a +0 glaive of venom
 I - a +0 halberd (weapon)
Missiles
 n - 3 throwing nets
 r - 20 tomahawks (quivered)
Armour
 h - a +2 helmet (worn)
 l - a +0 buckler
 s - a +2 pair of boots (worn)
 D - the +0 pair of gloves of Ciolomax {*Corrode rC+++ MR++ Str-3}
   (You acquired it on level 4 of the Dungeon)

   It affects your strength (-3).
   It renders you almost immune to cold.
   It affects your resistance to hostile enchantments.
   It may corrode you when you take damage.
 J - a +1 leather armour of fire resistance (worn)
 N - a scarf of resistance (worn)
Magical Staves
 V - an uncursed staff of summoning {unknown}
Jewellery
 d - an uncursed ring of see invisible
 f - an uncursed ring of resist corrosion
 j - an amulet of regeneration (around neck)
 m - the ring "Piurphed" {rC- MP+9 Str-4 Int+7 Slay+2}
   (You found it in an ice cave)

   [ring of magical power]

   It affects your strength (-4).
   It affects your intelligence (+7).
   It affects your accuracy and damage with ranged weapons and melee attacks
   (+2).
   It makes you vulnerable to cold.
   It affects your magic capacity (+9).
 v - the ring "Amisom" (right hand) {+Fly rElec}
   (You bought it in a shop on level 9 of the Dungeon)

   [ring of flight]

   It insulates you from electricity.
   It lets you fly.
 y - an uncursed ring of fire
 L - a +3 ring of protection (left hand)
 S - a +5 ring of evasion
 W - an uncursed amulet of magic regeneration
Wands
 a - a wand of flame (21)
 z - a wand of paralysis (10)
 X - a wand of polymorph (9)
Scrolls
 b - 2 scrolls of blinking
 e - 9 scrolls of remove curse
 o - 2 scrolls of enchant armour
 q - 3 scrolls of silence
 x - 2 scrolls of fog
 B - 4 scrolls of teleportation
 F - a scroll of identify
 G - a scroll of enchant weapon
 M - a scroll of amnesia
 P - a scroll of fear
 Q - 2 scrolls of brand weapon
 U - a scroll of holy word
 Y - a scroll of magic mapping
Potions
 g - 3 potions of flight
 i - 4 potions of mutation
 k - 2 potions of cancellation
 p - a potion of brilliance
 t - 3 potions of haste
 u - a potion of berserk rage
 A - a potion of magic
 C - a potion of resistance
 E - 2 potions of agility
 R - 4 potions of curing
Comestibles
 c - 28 rations
 K - 12 chunks of flesh


   Skills:
 - Level 13.1 Fighting
 - Level 16.2 Polearms
 - Level 6.1 Dodging
 - Level 2.1 Stealth
 - Level 4.0 Shields
 + Level 4.2 Spellcasting
 - Level 2.0 Conjurations
 - Level 4.0 Charms
 + Level 11.0 Ice Magic
 - Level 5.5 Invocations
 - Level 4.0 Evocations


You had 5 spell levels left.
You knew the following spells:

 Your Spells              Type           Power        Failure   Level  Hunger
a - Freeze                Ice            ####         1%          1    None
b - Throw Frost           Conj/Ice       ####..       1%          2    #......
c - Ozocubu's Armour      Chrm/Ice       ####....     2%          3    ###....
d - Throw Icicle          Conj/Ice       ####....     13%         4    ####...
e - Regeneration          Chrm/Necr      ##........   24%         3    ###....
f - Animate Skeleton      Necr           N/A          19%         1    None
g - Summon Butterflies    Summ           #.......     19%         1    None

Your spell library contained the following spells:

 Spells                   Type           Power        Failure   Level  Hunger
 Magic Dart               Conj           ##..         9%          1    None
 Sting                    Conj/Pois      #...         12%         1    None
 Searing Ray              Conj           ##....       12%         2    #......
 Pain                     Necr           #...         19%         1    None
 Sandblast                Erth           #.....       19%         1    None
 Summon Ice Beast         Ice/Summ       ####....     19%         4    ####...
 Passwall                 Tmut/Erth      #.......     28%         2    #......
 Poisonous Vapours        Pois/Air       #.....       28%         2    #......
 Dazzling Spray           Conj/Hex       #.....       36%         3    ###....
 Stone Arrow              Conj/Erth      #.....       36%         3    ###....
 Mephitic Cloud           Conj/Pois/Air  #.......     38%         3    ###....
 Recall                   Summ/Tloc      N/A          50%         3    ###....
 Vampiric Draining        Necr           #.........   50%         3    ###....
 Iskenderun's Mystic Bla  Conj           ##......     63%         4    ####...
 Force Lance              Conj/Tloc      #.......     77%         4    ####...
 Fulminant Prism          Conj/Hex       #.........   77%         4    ####...
 Animate Dead             Necr           N/A          88%         4    ####...
 Leda's Liquefaction      Hex/Erth       #.........   88%         4    ####...
 Olgreb's Toxic Radiance  Pois           #.......     88%         4    ####...
 Petrify                  Tmut/Erth      #.......     88%         4    ####...
 Venom Bolt               Conj/Pois      #.........   98%         5    ######.
 Aura of Abjuration       Summ           #.........   99%         5    ######.
 Lee's Rapid Deconstruct  Erth           #.........   99%         5    ######.
 Summon Demon             Summ           #.........   99%         5    ######.
 Summon Forest            Summ/Tloc      #.........   99%         5    ######.
 Summon Mana Viper        Hex/Summ       #.......     99%         5    ######.
 Bolt of Cold             Conj/Ice       ####......   89%         6    #######
 Iron Shot                Conj/Erth      #.........   100%        6    #######
 Shadow Creatures         Summ           N/A          100%        6    #######


Dungeon Overview and Level Annotations

Branches:
Dungeon (12/15)            Temple (1/1) D:6            Lair (3/6) D:11
  Swamp (0/4) Lair:2        Snake (0/4) Lair:3          Orc (0/2) D:10

Altars:
Ashenzari
Elyvilon
Gozag
Kikubaaqudgha
Makhleb
Okawaru
Qazlal
Ru
Sif Muna
Trog
Uskayaw
Vehumet
Wu Jian
Xom
Zin
The Shining One
Beogh

Shops:
D:5 ?   D:6 =   D:9 *?}   D:12 }

Annotations:
D:10 exclusion: howler monkey, Nergalle
D:11 death yak on lhs
Lair:2 1 exclusion


Message History

Your ynoxinul hits the dire elephant. x2
Unknown command.
Casting: Freeze (safe; 1% risk of failure)
Confirm with . or Enter, or press ? or * to list all spells.
Your skin crawls.
You feel sick. The dire elephant tramples you!
* * * LOW HITPOINT WARNING * * *
You hold your ground!
The dire elephant barely misses you.
Your ynoxinul hits the dire elephant.
Your ynoxinul hits the dire elephant but does no damage.
Casting: Regeneration (safe; 24% risk of failure)
Confirm with . or Enter, or press ? or * to list all spells.
Aiming: Freeze (safe; 1% risk of failure)
Press: ? - help, Shift-Dir - straight line, f/p - dire elephant
Aim: a dire elephant (heavily wounded)
You freeze the dire elephant.
The dire elephant is severely wounded.
The dire elephant tramples you!!
* * * LOW HITPOINT WARNING * * *
You hold your ground!
The dire elephant trunk-slaps you.
You die...

###...## #≈ ##..## #. #...######
## # #.....##.## #.###
###.........####.....#.
#.###..................
#....33.....###.P....#. ######
##.....Y.......#.PPP###.
##P##.###......@...÷...##.P.##..
#........(...#.##÷÷....##.P.##..
#..#..........###.#.#.).....##..
####........### #####.......##..
#.........# ####.#......
###......## #####.... ##P#...#.#
#.##.. ###....# ###.## ###.## ##
#


You could see a dire elephant and 2 friendly ynoxinuls.

Vanquished Creatures
  A hydra (D:11)
  A deep elf knight (Bailey)
  An unseen horror (D:10)
  10 deep elf magi (Bailey)
  A black mamba (Lair:3)
  2 ice statues (IceCv)
  2 centaur zombies
  2 spiny frogs (Lair:2)
  A kobold demonologist (D:12)
  3 rime drakes
  3 komodo dragons
  A troll (D:10)
  8 blink frogs
  3 hippogriffs
  4 slime creatures (D:12)
  A shadow (D:11)
  A wyvern (D:12)
  A basilisk (Lair:1)
  19 yaks
  3 wraiths
  Eustachio (D:5)
  Menkaure (D:7)
  An acid dragon (D:12)
  5 orc warriors (D:10)
  6 porcupines
  4 water moccasins
  Duvessa (D:6)
  A black bear (D:9)
  23 ice beasts
  A sky beast (D:10)
  A necrophage (D:8)
  6 ogres
  7 wolves
  9 centaurs
  A crocodile (Lair:1)
  3 big kobolds
  5 bullfrogs
  4 scorpions
  Dowan (D:6)
  5 killer bees (D:8)
  5 wights
  An electric eel (Lair:1)
  2 bullfrog zombies (D:12)
  2 howler monkeys
  4 crimson imps
  6 orc priests
  A gnoll shaman (D:8)
  7 hounds
  8 orc wizards
  3 centaur skeletons
  3 iguanas
  10 worker ants
  A killer bee zombie (D:9)
  A hound skeleton (D:7)
  A worker ant zombie (D:11)
  13 adders
  7 gnolls
  2 river rats (D:3)
  A shadow imp (D:6)
  An adder zombie (D:8)
  8 worms
  An adder skeleton (D:4)
  2 dart slugs
  5 leopard geckos
  51 orcs
  5 giant cockroaches
  15 goblins
  5 hobgoblins
  4 jackals
  2 quokkas
  7 ball pythons
  8 bats
  8 frilled lizards
  12 kobolds
  2 leopard gecko skeletons
  A quokka skeleton (D:7)
  4 rats
373 creatures vanquished.

Vanquished Creatures (collateral kills)
  2 ice dragons (IceCv)
  3 hydras
  A rakshasa (D:12)
  A death yak (D:11)
  Grinder (D:6)
  3 blink frogs
  3 hippogriffs
  3 yaks
  A wraith (D:11)
  A steam dragon (D:11)
  2 ice beasts
  A wolf (Lair:2)
  2 wights (D:11)
  A hell rat (D:11)
  A jackal (D:11)
  3 kobolds (D:11)
  A rat (D:11)
30 creatures vanquished.

Vanquished Creatures (others)
  A fungus (Lair:3)
1 creature vanquished.

Grand Total: 404 creatures vanquished

Notes
Turn   | Place    | Note
-------+----------+-------------------------------------------
     0 | D:1      | tilp the Merfolk Ice Elementalist began the quest for the
                  | Orb.
     0 | D:1      | Reached XP level 1. HP: 13/13 MP: 3/3
   153 | D:1      | Reached XP level 2. HP: 17/19 MP: 0/5
   534 | D:1      | Learned a level 2 spell: Throw Frost
  1167 | D:2      | Reached XP level 3. HP: 24/24 MP: 4/6
  1172 | D:2      | Learned a level 3 spell: Ozocubu's Armour
  1856 | D:2      | Reached skill level 5 in Ice Magic
  1981 | D:2      | Reached XP level 4. HP: 17/30 MP: 1/7
  3040 | D:3      | Found a glowing drain.
  3072 | D:3      | Reached XP level 5. HP: 11/35 MP: 0/8
  3111 | Sewer    | Entered a sewer
  3401 | Sewer    | Noticed Purgy
  3895 | D:3      | Reached XP level 6. HP: 36/41 MP: 3/9
  3982 | D:3      | Found a sacrificial altar of Ru.
  4468 | D:4      | Reached skill level 1 in Shields
  4599 | D:4      | Found an ornate altar of the Wu Jian Council.
  4651 | D:4      | Reached XP level 7. HP: 26/46 MP: 6/10
  4891 | D:4      | Identified 2 scrolls of acquirement
  4892 | D:4      | Got a pair of slimy gloves
  4894 | D:4      | Got a pair of slimy gloves
  4900 | D:4      | Identified the -5 pair of gloves of Peek-a-Boo {rPois Str+4
                  | Dex-3 SInv} (You acquired it on level 4 of the Dungeon)
  4910 | D:4      | Identified the +0 pair of gloves of Ciolomax {*Corrode
                  | rC+++ MR++ Str-3} (You acquired it on level 4 of the
                  | Dungeon)
  4936 | D:5      | Entered Level 5 of the Dungeon
  5246 | D:5      | You fall through a shaft for 2 floors!
  5438 | D:6      | Reached skill level 1 in Fighting
  5441 | D:6      | Found a stormy altar of Qazlal.
  5468 | D:6      | Reached XP level 8. HP: 41/56 MP: 7/11
  5576 | D:6      | Noticed Grinder
  5813 | D:5      | Found Ruriacuk's Magic Scroll Emporium.
  5819 | D:5      | Bought a scroll of identify for 22 gold pieces
  5819 | D:5      | Bought a scroll of blinking for 82 gold pieces
  5819 | D:5      | Bought a scroll of identify for 22 gold pieces
  5819 | D:5      | Bought a scroll of enchant weapon for 82 gold pieces
  5819 | D:5      | Bought a scroll of noise for 11 gold pieces
  6013 | D:5      | Reached skill level 5 in Dodging
  6197 | D:5      | Found a deep blue altar of Sif Muna.
  6198 | D:5      | Found an ancient bone altar of Kikubaaqudgha.
  6198 | D:5      | Found a radiant altar of Vehumet.
  6206 | D:5      | Identified Sif Muna's Almanac of Companions
  6230 | D:5      | Learned a level 1 spell: Summon Butterflies
  6253 | D:5      | Found an iron altar of Okawaru.
  6254 | D:5      | Found a bloodstained altar of Trog.
  6255 | D:5      | Found an opulent altar of Gozag.
  6268 | D:5      | Noticed Eustachio
  6613 | D:6      | Found a glowing golden altar of the Shining One.
  7001 | D:6      | Found a staircase to the Ecumenical Temple.
  7013 | Temple   | Entered the Ecumenical Temple
  7027 | Temple   | Became a worshipper of Makhleb the Destroyer
  7072 | D:6      | Noticed Dowan
  7153 | D:6      | Reached skill level 5 in Fighting
  7165 | D:6      | Found Leruj's Jewellery Boutique.
  7866 | D:7      | Noticed Menkaure
  8385 | D:8      | Reached XP level 9. HP: 65/71 MP: 0/12
  8591 | D:8      | Reached * piety under Makhleb
  8723 | D:8      | Found a flagged portal.
  8765 | Bailey   | Entered a bailey
  8772 | Bailey   | Noticed a deep elf mage
  8783 | Bailey   | Killed a deep elf mage
  8842 | Bailey   | Noticed a deep elf mage
  8843 | Bailey   | Noticed a deep elf mage
  8843 | Bailey   | Noticed a deep elf mage
  8843 | Bailey   | Noticed a deep elf mage
  8858 | Bailey   | Killed a deep elf mage
  8858 | Bailey   | Reached skill level 10 in Ice Magic
  8859 | Bailey   | Killed a deep elf mage
  8859 | Bailey   | Reached XP level 10. HP: 38/84 MP: 3/13
  8860 | Bailey   | Noticed a deep elf mage
  8862 | Bailey   | Killed a deep elf mage
  8862 | Bailey   | Reached skill level 10 in Fighting
  8864 | Bailey   | Noticed a deep elf mage
  8881 | Bailey   | Killed a deep elf mage
  8887 | Bailey   | Killed a deep elf mage
  8892 | Bailey   | Killed a deep elf mage
  9072 | Bailey   | Noticed a deep elf mage
  9072 | Bailey   | Noticed a deep elf mage
  9072 | Bailey   | Noticed a deep elf mage
  9095 | Bailey   | Noticed a deep elf knight
  9139 | Bailey   | Killed a deep elf knight
  9447 | Bailey   | Killed a deep elf mage
  9615 | Bailey   | Killed a deep elf mage
  9673 | Bailey   | Killed a deep elf mage
  9673 | Bailey   | Reached XP level 11. HP: 93/98 MP: 4/14
 10118 | D:8      | Reached skill level 1 in Invocations
 10118 | D:8      | Reached skill level 1 in Evocations
 10204 | D:8      | Found a shattered altar of Ashenzari.
 10291 | D:8      | Reached ** piety under Makhleb
 10479 | D:8      | Found the +5 scythe "Finisher" {speed, eviscerate}
 10655 | D:9      | Found Uheum's Gadget Shoppe.
 10813 | D:9      | Found Tixiah Zofyu's Magic Scroll Shop.
 10816 | D:9      | Bought a scroll of teleportation for 33 gold pieces
 10816 | D:9      | Bought a scroll of teleportation for 33 gold pieces
 10816 | D:9      | Bought a scroll of identify for 22 gold pieces
 10816 | D:9      | Bought a scroll of enchant armour for 82 gold pieces
 10816 | D:9      | Bought a scroll of identify for 22 gold pieces
 10816 | D:9      | Bought a scroll of identify for 22 gold pieces
 10816 | D:9      | Bought a scroll of remove curse for 33 gold pieces
 11030 | D:9      | Found a glowing golden altar of the Shining One.
 11032 | D:9      | Found a glowing silver altar of Zin.
 11033 | D:9      | Found a white marble altar of Elyvilon.
 11164 | D:9      | Found Hievuod's Assorted Antiques.
 11651 | D:10     | Entered Level 10 of the Dungeon
 12174 | D:10     | Noticed an unseen horror
 12274 | D:10     | Killed an unseen horror
 12274 | D:10     | Reached skill level 5 in Invocations
 12421 | D:10     | Reached skill level 1 in Polearms
 12606 | D:10     | Noticed Nergalle
 12666 | D:10     | Reached skill level 2 in Polearms
 12717 | D:10     | Found a roughly hewn altar of Beogh.
 12826 | D:10     | Reached skill level 3 in Polearms
 13301 | D:10     | Found a staircase to the Orcish Mines.
 13322 | D:10     | Reached *** piety under Makhleb
 13379 | D:10     | Reached skill level 4 in Polearms
 13656 | D:10     | Reached skill level 5 in Polearms
 13703 | D:10     | Reached skill level 6 in Polearms
 14180 | D:9      | Bought a pitted jade ring for 115 gold pieces
 14322 | D:9      | Identified the ring "Amisom" {+Fly rElec} (You bought it in
                  | a shop on level 9 of the Dungeon)
 14689 | D:11     | Reached skill level 7 in Polearms
 15158 | D:11     | Reached skill level 8 in Polearms
 15202 | D:11     | Noticed a death yak
 15227 | D:11     | Noticed a four-headed hydra
 15250 | D:11     | Killed a four-headed hydra
 15608 | D:11     | Reached skill level 9 in Polearms
 15876 | D:11     | Reached XP level 12. HP: 94/105 MP: 3/16
 16017 | D:11     | Reached skill level 10 in Polearms
 16051 | D:11     | Noticed a death yak
 16088 | D:11     | Noticed a death yak
 16190 | D:11     | Found a staircase to the Lair.
 16218 | D:12     | Found Jiwkupre's Gadget Shoppe.
 16487 | D:12     | Reached skill level 11 in Polearms
 17013 | D:12     | Noticed a rakshasa
 17054 | D:12     | Killed a rakshasa
 17071 | D:12     | Identified the Tome of Earthen Cold
 17154 | D:12     | Reached skill level 12 in Polearms
 17208 | D:12     | Got a slimy ruby amulet
 17228 | D:12     | Identified the amulet "Amno" {Inacc *Contam rPois Int+7
                  | Dex+9} (You found it on level 12 of the Dungeon)
 17619 | D:5      | Killed Eustachio
 17788 | D:6      | Noticed Duvessa
 17795 | D:6      | Killed Dowan
 17805 | D:6      | Killed Duvessa
 17954 | D:6      | Killed Grinder
 18119 | D:7      | Killed Menkaure
 18591 | D:11     | Killed a death yak
 18681 | D:11     | Reached skill level 13 in Polearms
 18701 | Lair:1   | Entered Level 1 of the Lair of Beasts
 19530 | Lair:2   | Found a frozen archway.
 19668 | Lair:2   | Reached skill level 14 in Polearms
 19695 | IceCv    | Entered an ice cave
 20158 | IceCv    | Reached skill level 15 in Polearms
 20264 | IceCv    | Noticed an ice dragon
 20264 | IceCv    | Noticed an ice dragon
 20336 | IceCv    | Killed an ice dragon
 20417 | IceCv    | Killed an ice dragon
 20450 | IceCv    | Identified the ring "Piurphed" {rC- MP+9 Str-4 Int+7
                  | Slay+2} (You found it in an ice cave)
 20738 | Lair:2   | Identified the +8 chain mail "Cedynoih" {Dex+4} (You found
                  | it on level 2 of the Lair of Beasts)
 20785 | Lair:2   | Noticed a six-headed hydra
 20799 | Lair:2   | Killed a six-headed hydra
 20799 | Lair:2   | Reached skill level 16 in Polearms
 20799 | Lair:2   | Reached XP level 13. HP: 80/111 MP: 3/17
 20913 | Lair:2   | Reached skill level 1 in Conjurations
 21009 | Lair:2   | Reached skill level 1 in Charms
 21563 | Lair:2   | Found a staircase to the Swamp.
 21602 | Lair:2   | Learned a level 4 spell: Throw Icicle
 21604 | Lair:2   | Learned a level 1 spell: Animate Skeleton
 21608 | Lair:2   | Learned a level 3 spell: Regeneration
 21874 | Lair:3   | Found a staircase to the Snake Pit.
 22201 | Lair:3   | Noticed a dire elephant
 22768 | Lair:3   | HP: 4/111 [dire elephant (23)]
 22768 | Lair:3   | Slain by a dire elephant

Vault maps used:
D:1:      erik_arrival_cave_to_civilisation
D:3:      portal_sewer_entry_e, nicolae_ru_awakened_eye
D:4:      lemuel_doored_altar, first_ration
D:5:      grunt_temple_overflow_magic_moments,
          chequers_temple_overflow_statue_of_worship, serial_shops, shop,
          dk_rats_in_the_wall, uniq_eustachio
D:6:      minmay_temple_entry_wispy, serial_shops, shop, basic_altar,
          grunt_qazlal_sundering, uniq_grinder, uniq_duvessa
D:7:      uniq_menkaure
D:8:      lemuel_crystal_altar, enter_bailey_3, blue_anna_alchemist,
          minmay_guarded_unrand_finisher
D:9:      good_gods_temple_1, serial_shops, shop_fountains,
          nicolae_shop_overgrown_old_shop, nicolae_shop_behind_doors
D:10:     david_orc_5, uniq_nergalle
D:11:     dpeg_lair_monsters, serial_shops, shop_statue
D:12:     serial_shops, shop_statue, small_chamber_with_monster
Temple:   bh_familiar_temple
Lair:1:   minivault_26, infiniplex_staircase_pool, lemuel_fruit_tree
Lair:2:   minmay_swamp_entry_worms, portal_ice_cave_entry_ice_beasts,
          beast_lair_carwin_8
Lair:3:   guppyfry_snake_entry_island, hangedman_lair_generics_rect
Sewer:    kennysheep_door_sewer
Bailey:   bailey_polearm_3, bailey
IceCv:    ice_cave_small_dragons

Skill      XL: |  1  2  3  4  5  6  7  8  9 10 11 12 13 |
---------------+----------------------------------------+-----
Ice Magic      | 4 5 6 7 8 10 11 | 11.0
Shields        | 1 4 |  4.0
Fighting       | 2 6 9 13 | 13.1
Dodging        | 4 6 |  6.1
Invocations    | 5 |  5.5
Evocations     | 4 |  4.0
Polearms       | 9 16 | 16.2
Conjurations   | 2 |  2.0
Charms         | 4 |  4.0
Spellcasting   | 4 |  4.2
Stealth        | |  2.1

Action                   |  1- 3 |  4- 6 |  7- 9 | 10-12 | 13-15 || total
-------------------------+-------+-------+-------+-------+-------++-------
Melee: Dagger            |    14 |    61 |   336 |   178 |       ||   589
       Trident           |       |       |       |   943 |       ||   943
       Spear             |       |       |       |   113 |       ||   113
       Halberd           |       |       |       |       |   265 ||   265
Throw: Tomahawk          |     4 |     3 |     3 |     9 |     2 ||    21
       Throwing net      |       |     2 |       |       |       ||     2
       Javelin           |       |     2 |       |       |       ||     2
 Cast: Freeze            |    63 |    90 |   145 |   359 |    48 ||   705
       Throw Frost       |     1 |     9 |       |    42 |     4 ||    56
       Ozocubu's Armour  |       |     2 |    10 |    70 |    22 ||   104
       Summon Butterflie |       |       |     1 |     2 |       ||     3
       Regeneration      |       |       |       |       |     1 ||     1
Invok: Lesser Servant of |       |       |       |    20 |    10 ||    30
       Minor Destruction |       |       |       |     4 |     1 ||     5
Evoke: Wand              |       |       |     4 |    18 |       ||    22
  Use: Scroll            |       |     7 |    19 |    15 |     3 ||    44
       Potion            |       |       |     1 |     6 |     3 ||    10
 Stab: Sleeping          |     4 |     7 |     5 |     2 |       ||    18
       Held in net/web   |       |     1 |       |       |       ||     1
       Paralysed         |       |       |     9 |       |       ||     9
       Invisible         |       |       |       |     2 |       ||     2
       Distracted        |       |       |       |     1 |       ||     1
  Eat: Chunk             |     4 |     7 |    11 |    38 |     9 ||    69
       Ration            |       |     1 |     2 |     5 |       ||     8
Armor: Robe              |     7 |    37 |    44 |       |       ||    88
       Leather armour    |       |       |    84 |   370 |   115 ||   569
Dodge: Dodged            |    33 |    76 |   268 |  1062 |   223 ||  1662
Block: Buckler           |       |       |    62 |   227 |       ||   289

Table legend:
 A = Non-vault XP
 B = Vault XP
 C = Vault XP percentage of total XP
 D = Non-vault monster count
 E = Vault monster count
 F = Vault count percentage of total count
                 A         B        C        D         E       F
            +---------+---------+-------+---------+---------+-------
      Total |   24849 |   17218 |  40.9 |     303 |     100 |  24.8
            +---------+---------+-------+---------+---------+-------
        D:1 |      30 |       0 |   0.0 |      18 |       0 |   0.0
        D:2 |      72 |       0 |   0.0 |      25 |       0 |   0.0
        D:3 |     200 |      43 |  17.7 |      27 |       8 |  22.9
        D:4 |     334 |       0 |   0.0 |      10 |       0 |   0.0
        D:5 |     696 |     197 |  22.1 |      19 |       1 |   5.0
        D:6 |     613 |     376 |  38.0 |      13 |       3 |  18.8
        D:7 |     385 |      98 |  20.3 |       9 |       1 |  10.0
        D:8 |    1664 |     305 |  15.5 |      48 |       6 |  11.1
        D:9 |    1490 |       0 |   0.0 |      22 |       0 |   0.0
       D:10 |    3104 |     759 |  19.6 |      20 |      21 |  51.2
       D:11 |    3572 |     624 |  14.9 |      30 |       4 |  11.8
       D:12 |    2695 |     469 |  14.8 |      18 |       1 |   5.3
     Lair:1 |    1150 |       0 |   0.0 |       7 |       0 |   0.0
     Lair:2 |    2982 |    2037 |  40.6 |      11 |      14 |  56.0
     Lair:3 |    5862 |    1335 |  18.5 |      26 |       5 |  16.1
      Sewer |       0 |      19 | 100.0 |       0 |       5 | 100.0
     Bailey |       0 |    6258 | 100.0 |       0 |      11 | 100.0
      IceCv |       0 |    4698 | 100.0 |       0 |      20 | 100.0
            +---------+---------+-------+---------+---------+-------
